 Dungeon Crawl Stone Soup version 0.22.0-38-g04b72b8 (webtiles) character file.

1098 Marcoleric the Chopper (level 8, -3/73 HPs)
             Began as a Deep Dwarf Fighter on Aug 27, 2018.
             Slain by an ogre
             ... wielding a +0 giant club
              (19 damage)
             ... on level 5 of the Dungeon.
             The game lasted 00:14:17 (3202 turns).

Marcoleric the Chopper (Deep Dwarf Fighter)         Turns: 3202, Time: 00:14:18

Health: -3/73      AC: 13    Str: 22    XL:     8   Next: 10%
Magic:  6/6        EV:  6    Int:  9    God:
Gold:   188        SH: 10    Dex: 10    Spells: 7/7 levels left

rFire    . . .     SeeInvis .   h - +2 flail (holy)
rCold    . . .     Gourm    .   c - +0 shield
rNeg     . . .     Faith    .   i - +1 chain mail
rPois    .         Spirit   .   (no helmet)
rElec    .         Reflect  .   (no cloak)
rCorr    .         Harm     .   (no gloves)
MR       +....                  g - +1 pair of boots
Stlth    ..........             (no amulet)
HPRegen  0.00/turn              (no ring)
MPRegen  0.10/turn              (no ring)

@: non-regenerating
A: damage resistance, heal wounds, clumsy 1, high mp 1, sense surroundings 1, no
regeneration
a: Heal Wounds


You were on level 5 of the Dungeon.
You were not hungry.

You visited 1 branch of the dungeon, and saw 5 of its levels.
You also visited: Sewer.

You collected 188 gold pieces.

Inventory:

Hand Weapons
 a - a +0 war axe
 h - a +2 flail of holy wrath (weapon)
Armour
 b - a +0 scale mail
 c - a +0 shield (worn)
 g - a +1 pair of boots (worn)
 i - a +1 chain mail (worn)
Jewellery
 e - a +3 ring of dexterity
 q - a cursed ring of teleportation
Scrolls
 k - a scroll of identify
 m - a scroll of teleportation
 p - 2 scrolls of remove curse
 u - a scroll of random uselessness
Potions
 d - 2 potions of heal wounds
 j - 2 potions of brilliance
 n - a potion of agility {unknown}
 o - a potion of flight
 r - a potion of curing
 s - 2 potions of lignification {unknown}
Comestibles
 f - 5 rations


   Skills:
 + Level 4.3 Fighting
 + Level 6.0(6.7) Axes
 * Level 4.0(5.4) Maces & Flails
 + Level 5.0 Armour
 + Level 1.5 Dodging
 + Level 0.2 Stealth
 + Level 5.4 Shields


You had 7 spell levels left.
You didn't know any spells.
Your spell library was empty.

Dungeon Overview and Level Annotations

Branches:
Dungeon (5/15)
 Temple: D:4-7

Altars:
Dithmenos
Yredelemnul


Innate Abilities, Weirdness & Mutations

You are resistant to damage.
You can heal yourself by infusing magical energy.
You passively map a small area around you.
You do not regenerate.
You are clumsy. (Dex -2)
You have an increased reservoir of magic. (+10% MP)


Message History

The ogre is moderately wounded.
The ogre hits you with a giant club. You block the leopard gecko's attack.
You hit the ogre.
The ogre is heavily wounded.
You block the leopard gecko's attack. The ogre hits you with a giant club!
You block the leopard gecko's attack.
You hit the ogre.
The ogre is severely wounded.
The ogre hits you with a giant club!!
* * * LOW HITPOINT WARNING * * *
The leopard gecko bites you but does no damage.
You completely miss the ogre.
The ogre is severely wounded.
The leopard gecko bites you but does no damage.
You block the ogre's attack.
The leopard gecko bites you but does no damage.
You barely miss the ogre.
The ogre is severely wounded.
The ogre hits you with a giant club!!
You die...

*,,,,*,,,,+......+......#
*****,,,#....#......#......#
*,,**,,,#....#####..#......#
*,,,,,,,#....#,,##..#......#
*,,,,,,,#....#,,#...#......#
******,,,,,,,#....+,,#...#......'
,,,,,*,,,,,,,#....#####..#......#
,,,,,*,,,,,,,#.lO.#..##..#......#
,,,,,+,,,,,,,#..@.#......#.......
,,,,**,,,,,,,#....#......+.......
,,,,**,,,,,,,#....#......#.......
,,,,,*,,,,,,,#....#......#.......
,,,,,+,,,,,,,#....#..##..#######.
,,,,,*,,,,,,,#....#..##...#....#.
,,,,,*,,,,,,,#....#.......#....##
******,,,,,,,#....#.......#.....#
,,,,**,,**,,,#....#.......#.....#


You could see an ogre and a leopard gecko.

Vanquished Creatures
  A centaur skeleton (D:4)
  A human (D:3)
  An ice beast (D:5)
  A phantom (D:4)
  2 ogres
  A big kobold (Sewer)
  A crimson imp (D:5)
  A quasit (D:5)
  3 orc priests (D:3)
  2 orc wizards
  A hound (D:5)
  A bullfrog skeleton (D:4)
  Terence (D:2)
  2 worker ants (D:4)
  A worker ant zombie (D:5)
  7 adders
  2 river rats (Sewer)
  2 oozes
  An adder skeleton (D:4)
  5 worms
  2 dart slugs
  14 orcs
  5 giant cockroaches
  3 goblins (D:1)
  4 hobgoblins
  9 jackals
  2 ball pythons
  6 bats
  5 frilled lizards
  A goblin skeleton (D:3)
  A jackal skeleton (D:3)
  7 kobolds
  A kobold zombie (D:3)
  A leopard gecko skeleton (D:4)
  8 rats
  A plant (D:1)
107 creatures vanquished.

Notes
Turn   | Place    | Note
-------+----------+-------------------------------------------
     0 | D:1      | Marcoleric the Deep Dwarf Fighter began the quest for the Orb.
     0 | D:1      | Reached XP level 1. HP: 20/20 MP: 1/1
   190 | D:1      | Reached XP level 2. HP: 24/27 MP: 2/2
   564 | D:2      | Reached XP level 3. HP: 28/34 MP: 3/3
   593 | D:2      | Noticed Terence
   600 | D:2      | Killed Terence
   600 | D:2      | Reached skill level 3 in Axes
   600 | D:2      | Reached XP level 4. HP: 34/42 MP: 4/4
   642 | D:2      | Gained mutation: You are clumsy. (Dex -2) [potion of mutation]
   642 | D:2      | Gained mutation: You have an increased reservoir of magic. (+10% MP) [potion of mutation]
  1240 | D:3      | Found a runed door.
  1240 | D:3      | Noticed a human
  1253 | D:3      | Reached XP level 5. HP: 25/49 MP: 5/5
  1276 | D:3      | Reached skill level 4 in Axes
  1291 | D:3      | Found a basalt altar of Yredelemnul.
  1303 | D:3      | Killed a human
  1303 | D:3      | Reached skill level 1 in Dodging
  1303 | D:3      | Reached XP level 6. HP: 34/57 MP: 5/5
  1308 | D:3      | Became a worshipper of Yredelemnul the Dark
  1347 | D:3      | Reached skill level 5 in Axes
  1650 | D:3      | Found a glowing drain.
  1713 | Sewer    | Entered a sewer
  1770 | Sewer    | Reached * piety under Yredelemnul
  1814 | Sewer    | Found a white marble altar of Elyvilon.
  1941 | D:3      | Reached XP level 7. HP: 64/64 MP: 6/6
  2185 | D:4      | Was placed under penance by Yredelemnul
  2188 | D:4      | Reached skill level 5 in Shields
  2191 | D:4      | Fell from the grace of Yredelemnul
  2503 | D:4      | Reached skill level 6 in Axes
  2558 | D:4      | Reached skill level 1 in Maces & Flails
  2861 | D:5      | Entered Level 5 of the Dungeon
  3006 | D:5      | Found a shadowy altar of Dithmenos.
  3053 | D:5      | Reached XP level 8. HP: 67/72 MP: 6/6
  3066 | D:5      | Reached skill level 5 in Armour
  3202 | D:5      | Slain by an ogre

Skill      XL: |  1  2  3  4  5  6  7  8 |
---------------+-------------------------+-----
Fighting       | 3 4 |  4.3
Axes           | 3 4 5 6 |  6.0
Armour         | 4 5 |  5.0
Shields        | 4 5 |  5.4
Dodging        | 1 |  1.5
Maces & Flails | 3 4 |  4.0
Stealth        | |  0.2

Action                   |  1- 3 |  4- 6 |  7- 9 || total
-------------------------+-------+-------+-------++-------
Melee: War axe           |    83 |   187 |     7 ||   277
       Flail             |       |       |   121 ||   121
Invok: Renounce Religion |       |       |     1 ||     1
 Abil: Heal Wounds       |       |     4 |     2 ||     6
  Use: Potion            |     3 |     5 |     1 ||     9
       Scroll            |     2 |       |     9 ||    11
  Eat: Ration            |       |     2 |     1 ||     3
Armor: Scale mail        |    32 |       |       ||    32
       Chain mail        |       |   131 |    62 ||   193
Dodge: Dodged            |    17 |    57 |    36 ||   110
Block: Shield            |    32 |   117 |    77 ||   226
